 Dungeon Crawl Stone Soup version 0.19-a0-458-gfd99d95 (webtiles) character file.

529 Ordine the Changer (level 7, 7/51 HPs)
             Began as an Octopode Transmuter on June 2, 2016.
             Quit the game on level 4 of the Dungeon.
             The game lasted 00:13:48 (4380 turns).

Ordine the Changer (Octopode Transmuter)            Turns: 4380, Time: 00:13:48

Health: 7/51       AC:  7    Str:  9    XL:     7   Next: 24%
Magic:  6/10       EV: 10    Int: 23    God:
Gold:   204        SH:  0    Dex: 12    Spells: 2 memorised, 3 levels left

rFire  x . .     SeeInvis .       - Unarmed
rCold  + + +     Gourm    .     (shield currently unavailable)
rNeg   . . .     Faith    .     (helmet currently unavailable)
rPois  +         Spirit   .     (no amulet)
rElec  .         Dismiss  .     k - ring of protection from magic
rCorr  .         Reflect  .     (no ring)
SustAt .         Harm     .     (no ring)
MR     +....                    (no ring)
Stlth  +++.......               (no ring)
                                (no ring)
                                (no ring)
                                (no ring)

@: brilliant, lethally poisoned (7 -> -7), ice-form, somewhat resistant to
hostile enchantments, fairly stealthy
A: almost no armour, amphibious, 8 rings, (constrict 8), (camouflage 0),
(gelatinous body 0)
a: End Transformation


You were on level 4 of the Dungeon.
You were not hungry.
You were a creature of crystalline ice.
You visited 1 branch of the dungeon, and saw 4 of its levels.

You collected 204 gold pieces.

Inventory:

Jewellery
 k - a ring of protection from magic (left front paw)
Scrolls
 f - 2 scrolls of enchant armour
 h - 3 scrolls of teleportation
 m - a scroll of remove curse
Potions
 d - a potion of magic
 e - a potion of flight
 j - a potion of cure mutation
Books
 b - a book of Changes

   Spells                             Type                      Level
   a - Beastly Appendage              Transmutation                1
   b - Sticks to Snakes               Transmutation                2
   c - Spider Form                    Transmutation/Poison         3
   d - Ice Form                       Ice/Transmutation            4
   e - Blade Hands                    Transmutation                5
Comestibles
 a - 3 meat rations
 c - 5 bread rations
 g - a fruit
 n - 2 beef jerkies


   Skills:
 - Level 1.0 Fighting
 - Level 2.0 Dodging
 + Level 5.3 Stealth
 - Level 3.0 Unarmed Combat
 - Level 2.0 Spellcasting
 * Level 5.9 Transmutations
 + Level 2.7 Ice Magic


You had 3 spell levels left.
You knew the following spells:

 Your Spells              Type           Power        Failure   Level  Hunger
a - Spider Form           Tmut/Pois      ####......   1%          3    ###....
b - Ice Form              Ice/Tmut       #####...     3%          4    #####..


Dungeon Overview and Level Annotations

Branches:
Dungeon (4/15)
 Temple: D:4-7

Altars:
Gozag
Xom


Innate Abilities, Weirdness & Mutations

You cannot wear most types of armour.
You are amphibious.
You can wear up to eight rings at the same time.
((You can use your tentacles to constrict eight enemies at once.))
((Your skin changes colour to match your surroundings (Stealth+).))
((Your rubbery body absorbs attacks. (AC +1)))


Message History

The worker ant bites you.
* * * LOW HITPOINT WARNING * * *
You are more poisoned.
The worker ant poisons you!
Unknown command.
Unknown command.
Unknown command.
Casting: Spider Form
Confirm with . or Enter, or press ? or * to list all spells.
You turn into a creature of crystalline ice.
You lose your grip on the worker ant.
* * * LOW HITPOINT WARNING * * *
You feel sick. The worker ant barely misses you.
Unknown command.
Unknown command.
You closely miss the worker ant.
The worker ant is severely wounded.
* * * LOW HITPOINT WARNING * * *
You feel sick. The worker ant closely misses you.
Are you sure you want to abandon this character and quit the game? (Confirm with "yes".)

#..#.#..# #..#.#..#
######### #..#.#..#
#.......# #..#.#..#
#.......# #)......###
'........ #.....>...#
#........ #.........+
+........
#.........########........
#...............YaZ.......
#.........########........
###....######.........>...
#.........#.############
#.........#.....#
###.........#####.###
...#.#'###### #...#
##.#.#.# ###.# #.#)#.# #.#


You could see a worker ant and a giant gecko skeleton.

Vanquished Creatures
  2 ogres (D:4)
  A hound (D:4)
  4 orc priests (D:4)
  An orc wizard (D:3)
  A worker ant (D:4)
  4 gnolls (D:3)
  3 adders
  An ooze (D:4)
  An adder skeleton (D:4)
  A worm (D:3)
  A dart slug (D:3)
  4 giant geckos
  13 orcs
  A ball python (D:1)
  A giant cockroach (D:1)
  5 goblins
  15 hobgoblins
  3 jackals (D:2)
  A quokka (D:3)
  4 bats
  4 kobolds
  6 rats
77 creatures vanquished.

Notes
Turn   | Place    | Note
--------------------------------------------------------------
     0 | D:1      | Ordine the Octopode Transmuter began the quest for the Orb.
     0 | D:1      | Reached XP level 1. HP: 13/13 MP: 3/3
   293 | D:1      | Reached XP level 2. HP: 17/18 MP: 5/5
   463 | D:1      | Reached skill level 1 in Stealth
  1096 | D:2      | Reached XP level 3. HP: 23/23 MP: 6/6
  1101 | D:2      | Learned a level 3 spell: Spider Form
  1628 | D:3      | Found a shimmering altar of Xom.
  2118 | D:3      | Reached XP level 4. HP: 18/28 MP: 4/7
  2314 | D:3      | Found an opulent altar of Gozag.
  2618 | D:3      | HP: 1/28 [gnoll/spear (9)]
  2861 | D:3      | Reached XP level 5. HP: 31/33 MP: 1/8
  2869 | D:3      | Learned a level 4 spell: Ice Form
  2979 | D:3      | Reached skill level 1 in Ice Magic
  3602 | D:4      | Reached skill level 5 in Transmutations
  3602 | D:4      | Reached XP level 6. HP: 38/38 MP: 5/9
  3980 | D:4      | Reached skill level 5 in Stealth
  3980 | D:4      | Reached XP level 7. HP: 17/43 MP: 6/10
  4380 | D:4      | Quit the game

Vault maps used:
D:1:      nagdon_arrival_double_spiral
D:2:      first_bread
D:3:      kennysheep_six_static_rooms, nicolae_gozag_seed_capital,
          xom_teletrap_fun
D:4:      fedhas_bush_and_centaur_altar, minmay_temple_entry_junction,
          serial_shops, shop_fountains

Skill      XL: |  1  2  3  4  5  6 |
---------------+-------------------+-----
Stealth        | 1 2 3 4 5 |  5.3
Transmutations | 3 4 5 |  5.9
Ice Magic      | 1 2 |  2.7
Fighting       | |  1.0
Dodging        | |  2.0
Unarmed Combat | |  3.0
Spellcasting   | |  2.0

Action                   |  1- 3 |  4- 6 |  7- 9 || total
-------------------------+-------+-------+-------++-------
Melee: Unarmed           |    94 |   128 |    14 ||   236
       Constrict         |    25 |    13 |     3 ||    41
       Tentacles         |     8 |     8 |     2 ||    18
       Punch             |       |     3 |       ||     3
 Cast: Spider Form       |     1 |    11 |       ||    12
       Ice Form          |       |       |     1 ||     1
  Use: Scroll            |    11 |     2 |       ||    13
       Potion            |     1 |     3 |     2 ||     6
 Stab: Sleeping          |    13 |     6 |       ||    19
       Distracted        |     1 |       |       ||     1
  Eat: Chunk             |     4 |     8 |     1 ||    13
Armor: Skin              |     4 |    13 |       ||    17
Dodge: Dodged            |    50 |    93 |    11 ||   154
